 Dungeon Crawl Stone Soup version 0.23.1-37-gaa34b87b72 (webtiles) character file.

Game seed: 4182498417884461003

360 Marnok the Skirmisher (level 6, -2/72 HPs)
             Began as a Demonspawn Berserker on Mar 22, 2019.
             Was a Priest of Trog.
             Splashed by Pikel's acid (13 damage)
             ... on level 5 of the Dungeon.
             The game lasted 00:11:57 (2440 turns).

Marnok the Skirmisher (Demonspawn Berserker)        Turns: 2440, Time: 00:11:57

Health: -2/72      AC: 15    Str: 19      XL:     6   Next: 38%
Magic:  0/6        EV:  2    Int:  8      God:    Trog [***...]
Gold:   155        SH:  0    Dex: 12 (13) Spells: 5/5 levels left

rFire    x . .     SeeInvis .   h - +5 dagger
rCold    + . .     Gourm    .   (no shield)
rNeg     + + +     Faith    .   (armour currently unavailable)
rPois    +         Spirit   +   (helmet currently unavailable)
rElec    .         Reflect  .   (cloak currently unavailable)
rCorr    .         Harm     .   (gloves currently unavailable)
MR       .....     NoTele   +   (boots currently unavailable)
Stlth    +.........             p - amulet of the acrobat
HPRegen  0.22/turn              j - ring of ice
MPRegen  0.20/turn              (no ring)

@: tree-form (expiring), corroded, berserk cooldown, hasted and slowed
A: magic shield, magic regeneration
a: Berserk, Trog's Hand, Renounce Religion


You were on level 5 of the Dungeon.
You worshipped Trog.
Trog was most pleased with you.
You were not hungry.
You were a tree.
You visited 1 branch of the dungeon, and saw 5 of its levels.

You collected 155 gold pieces.

Inventory:

Hand Weapons
 a - a +0 hand axe
 h - a +5 dagger (weapon)
Armour
 b - a +0 animal skin
 n - a +2 pair of gloves (melded)
 o - a cursed +0 plate armour (melded)
 t - a +0 helmet (melded)
Jewellery
 j - a ring of ice (left branch)
 p - an amulet of the acrobat (around neck)
Scrolls
 d - 2 scrolls of enchant weapon
 i - a scroll of teleportation
 k - a scroll of magic mapping
 l - a scroll of random uselessness
 q - a scroll of remove curse
Comestibles
 c - 4 rations
 r - 2 chunks of flesh


   Skills:
 + Level 4.0 Fighting
 + Level 3.3 Short Blades
 + Level 3.5 Axes
 + Level 2.5 Armour
 + Level 3.0 Dodging
 + Level 0.6 Stealth


You had 5 spell levels left.
You didn't know any spells.
Your spell library was empty.

Dungeon Overview and Level Annotations

Branches:
Dungeon (5/15)
 Temple: D:4-7

Altars:
Ashenzari
Hepliaklqana
Wu Jian
Yredelemnul
The Shining One

Annotations:
D:5 Pikel


Innate Abilities, Weirdness & Mutations

((You have a pair of small horns on your head.))
((You are partially covered in large bone plates. (SH +4)))
When hurt, damage is shared between your health and your magic reserves.
You regenerate magic rapidly.


Message History

Pikel hits you but does no damage.
You hit Pikel but do no damage.
Pikel is almost dead.
The slave hits you but does no damage.
Pikel zaps a wand.
The bolt of acid hits you.
You are splashed with acid!
* * * LOW HITPOINT WARNING * * *
It was a potion of haste.
You feel yourself speed up.
Your transformation is almost over.
The slave barely misses you.
Pikel says, "Slavery isn't that bad."
Pikel hits you but does no damage.
You hit Pikel but do no damage.
Pikel is almost dead.
The slave hits you.
* * * LOW HITPOINT WARNING * * *
Pikel says, "It's all about the gold, really."
Pikel zaps a wand.
The bolt of acid hits you!
* * * LOW HITPOINT WARNING * * *
The acid corrodes you!
You are splashed with acid!
You die...

##########.#######
...W.p............#
.#########p######.#
#.# .# #p# .# #.#
.# #.######.#####.
#....pKp.......
#######♣..##.#
#..)..# #.....#
#.....# ##...##
##.## .# .#


You could see Pikel and 2 slaves.

Vanquished Creatures
  Eustachio (D:5)
  2 slaves (D:5)
  A phantom (D:5)
  4 adders
  An ooze (D:1)
  3 worms (D:2)
  4 dart slugs
  3 leopard geckos
  5 orcs (D:5)
  A ball python (D:4)
  4 giant cockroaches
  12 goblins
  4 hobgoblins
  3 jackals (D:1)
  3 quokkas
  9 bats
  3 frilled lizards
  5 kobolds
  6 rats
74 creatures vanquished.

Notes
Turn   | Place    | Note
-------+----------+-------------------------------------------
     0 | D:1      | Marnok the Demonspawn Berserker began the quest for the
                  | Orb.
     0 | D:1      | Reached XP level 1. HP: 18/18 MP: 1/1
   235 | D:1      | Gained mutation: You are partially covered in large bone
                  | plates. (SH +4) [demonic ancestry]
   235 | D:1      | Reached XP level 2. HP: 12/24 MP: 2/2
   731 | D:1      | Gained mutation: When hurt, damage is shared between your
                  | health and your magic reserves. [demonic ancestry]
   731 | D:1      | Reached XP level 3. HP: 27/29 MP: 3/3
   847 | D:1      | Reached ** piety under Trog
  1284 | D:2      | Reached XP level 4. HP: 36/36 MP: 4/4
  1438 | D:2      | Found a hazy altar of Hepliaklqana.
  1439 | D:2      | Found an ornate altar of the Wu Jian Council.
  1494 | D:2      | Reached skill level 1 in Short Blades
  1605 | D:2      | Found a glowing golden altar of the Shining One.
  1772 | D:3      | Found a basalt altar of Yredelemnul.
  1962 | D:2      | Found a shattered altar of Ashenzari.
  2289 | D:5      | Entered Level 5 of the Dungeon
  2357 | D:5      | Noticed a slave
  2358 | D:5      | Noticed a slave
  2358 | D:5      | Noticed a phantom
  2363 | D:5      | Noticed a slave
  2378 | D:5      | Noticed Eustachio
  2390 | D:5      | Noticed Pikel
  2397 | D:5      | Killed Eustachio
  2397 | D:5      | Gained mutation: You have a pair of small horns on your
                  | head. [demonic ancestry]
  2397 | D:5      | Reached XP level 5. HP: 42/42 MP: 1/5
  2397 | D:5      | Gained mutation: You regenerate magic rapidly. [demonic
                  | ancestry]
  2397 | D:5      | Reached XP level 6. HP: 48/48 MP: 1/6
  2402 | D:5      | Reached *** piety under Trog
  2402 | D:5      | Reached skill level 4 in Fighting
  2405 | D:5      | Killed a slave
  2406 | D:5      | Noticed a slave
  2413 | D:5      | Killed a slave
  2440 | D:5      | Splashed by Pikel's acid

Skill      XL: |  1  2  3  4  5  6 |
---------------+-------------------+-----
Axes           | 3 |  3.5
Dodging        | 2 3 |  3.0
Short Blades   | 3 |  3.3
Armour         | 2 |  2.5
Fighting       | 4 |  4.0
Stealth        | |  0.6

Action                   |  1- 3 |  4- 6 || total
-------------------------+-------+-------++-------
Melee: Hand axe          |    47 |       ||    47
       Dagger            |    64 |   178 ||   242
  Use: Scroll            |       |     7 ||     7
       Potion            |       |     7 ||     7
 Stab: Sleeping          |     1 |       ||     1
  Eat: Chunk             |     1 |     4 ||     5
Armor: Animal skin       |    20 |     4 ||    24
       Plate armour      |       |    66 ||    66
       Skin              |       |   108 ||   108
Dodge: Dodged            |    73 |    59 ||   132
Block: Other             |    19 |    14 ||    33
